 Dungeon Crawl Stone Soup version 0.30-a0-586-g23e55c9e0a (webtiles) character file.

Game seed: 816623307795350831

158604 porpoise the Fencer (level 17, -10/140 HPs)
             Began as a Gnoll Wanderer on Jan 3, 2023.
             Was a High Priest of Sif Muna.
             Killed by the air
             ... invoked by a wind drake
              (17 damage)
             ... on level 1 of the Shoals.
             The game lasted 03:04:05 (44242 turns).

porpoise the Fencer (Gnoll Wanderer)               Turns: 44242, Time: 03:04:06

Health: -10/140    AC: 16    Str: 10    XL:     17   Next: 42%
Magic:  3/43       EV: 19    Int: 10    God:    Sif Muna [*****.]
Gold:   1676       SH:  0    Dex: 18    Spells: 4/43 levels left

rFire   + . .      SeeInvis .    a - +9 scimitar of Action {flame, rC+++ MP+9 Str-5 Dex+4}
rCold   + + +      Faith    +    (no shield)
rNeg    . . .      Spirit   .    q - +3 leather armour of the Comet {rPois rF+ rC+ Int-4}
rPois   +          Reflect  .    p - +2 helmet
rElec   .          Harm     .    (no cloak)
rCorr   .          Rampage  .    k - +2 pair of gloves
Will    +....                    v - +0 pair of boots
Stlth   +++++                    z - amulet of faith
HPRegen 0.43/turn                o - +4 ring of slaying
MPRegen 0.28/turn                m - ring of flight

@: about to teleport, flying, studying 2 skills
A: fangs 1, strong nose, distributed training
}: 1/15 runes: serpentine
a: Renounce Religion, Channel Magic, Forget Spell, Divine Exegesis


You were on level 1 of the Shoals.
You worshipped Sif Muna.
Sif Muna was extremely pleased with you.
You visited 6 branches of the dungeon, and saw 28 of its levels.
You also visited: Sewer, Ossuary and Volcano.

You collected 2514 gold pieces.
You spent 838 gold pieces at shops.

Inventory:

Hand Weapons
 a - the +9 scimitar of Action (weapon) {flame, rC+++ MP+9 Str-5 Dex+4}
   (You found it on level 5 of the Lair of Beasts)

   It burns those it strikes, dealing additional fire damage.
   Big, fiery blades are also staple armaments of hydra-hunters.
   Str:       It affects your strength (-5).
   Dex:       It affects your dexterity (+4).
   rC:        It renders you almost immune to cold.
   MP:        It affects your magic capacity (+9).
 b - a +2 arbalest of freezing
Missiles
 d - 6 boomerangs
 x - 6 datura-tipped darts
 G - 14 curare-tipped darts
Armour
 k - a +2 pair of gloves (worn)
 p - a +2 helmet (worn)
 q - the +3 leather armour of the Comet (worn) {rPois rF+ rC+ Int-4}
   (You found it on level 1 of the Snake Pit)

   Int:       It affects your intelligence (-4).
   rF:        It protects you from fire.
   rC:        It protects you from cold.
   rPois:     It protects you from poison.
 v - a +0 pair of boots (worn)
Jewellery
 f - a ring of resist corrosion
 m - a ring of flight (right hand)
 o - a +4 ring of slaying (left hand)
 z - an amulet of faith (around neck)
 L - a ring of see invisible
Wands
 e - a wand of iceblast (9)
 n - a wand of mindburst (7)
 y - a wand of charming (15)
 M - a wand of digging (12)
 P - a wand of flame (31)
 T - a wand of polymorph (11)
 W - a wand of acid (5)
Scrolls
 c - 5 scrolls of fear
 g - a scroll of summoning
 l - a scroll of vulnerability
 u - 8 scrolls of teleportation
 F - a scroll of silence
 J - 4 scrolls of fog
 K - 5 scrolls of poison
 O - 3 scrolls of magic mapping
 S - 2 scrolls of blinking
 X - 9 scrolls of identify
Potions
 i - 6 potions of might
 j - 13 potions of haste
 r - 5 potions of attraction
 t - 10 potions of curing
 A - a potion of resistance
 B - 6 potions of invisibility
 D - 4 potions of lignification
 H - 3 potions of magic
Miscellaneous
 C - a tin of tremorstones (2/2)


   Skills:
 + Level 14.9 Fighting
 + Level 12.8 Short Blades
 + Level 16.2 Long Blades
 + Level 12.0 Axes
 + Level 12.0 Maces & Flails
 + Level 12.0 Polearms
 + Level 12.0 Staves
 + Level 12.0 Ranged Weapons
 + Level 12.0 Throwing
 + Level 12.3 Armour
 + Level 12.0 Dodging
 + Level 12.0 Stealth
 + Level 12.3 Shields
 + Level 12.0 Unarmed Combat
 + Level 13.9 Spellcasting
 + Level 10.2 Conjurations
 + Level 10.2 Hexes
 + Level 10.2 Summonings
 + Level 10.2 Necromancy
 + Level 10.2 Translocations
 + Level 10.2 Transmutations
 + Level 10.2 Fire Magic
 + Level 10.2 Ice Magic
 + Level 10.2 Air Magic
 + Level 10.2 Earth Magic
 + Level 10.2 Poison Magic
 + Level 13.1 Invocations
 + Level 12.0 Evocations


You had 4 spell levels left.
You knew the following spells:

 Your Spells              Type           Power      Damage    Failure   Level
a - Airstrike             Air            13%        2d(2-18)  1%          4
b - Summon Ice Beast      Ice/Summ       27%        N/A       1%          4
i - Ignite Poison         Fire/Tmut/Pois 27%        N/A       1%          3
k - Blink                 Tloc           54%        N/A       1%          2
o - Olgreb's Toxic Radia  Pois           27%        N/A       1%          4
r - Frozen Ramparts       Ice            54%        1d9       1%          3
s - Momentum Strike       Conj/Tloc      54%        3d9       1%          2
t - Tukima's Dance        Hex            27%        N/A       1%          3
w - Flame Wave            Conj/Fire      27%        2d9       1%          4
y - Yara's Violent Unrav  Hex/Tmut       13%        3d7       4%          5
z - Freezing Cloud        Conj/Ice/Air   13%        6-21      4%          5

Your spell library contained the following spells:

 Spells                   Type           Power      Damage    Failure   Level
 Apportation              Tloc           54%        N/A       1%          1
 Foxfire                  Conj/Fire      100%       2x1d9     1%          1
 Kiss of Death            Conj/Necr      100%       2d13      1%          1
 Necrotise                Necr           100%       1d9       1%          1
 Shock                    Conj/Air       100%       1d9       1%          1
 Slow                     Hex            100%       N/A       1%          1
 Sting                    Tmut/Pois      100%       1d8       1%          1
 Summon Small Mammal      Summ           100%       N/A       1%          1
 Call Imp                 Summ           27%        N/A       1%          2
 Cigotuvi's Dreadful Rot  Necr/Pois/Air  54%        N/A       1%          2
 Ensorcelled Hibernation  Hex/Ice        54%        N/A       1%          2
 Passwall                 Tmut/Erth      22%        N/A       1%          2
 Poisonous Vapours        Pois/Air       54%        N/A       1%          2
 Scorch                   Fire           54%        2d8       1%          2
 Static Discharge         Conj/Air       54%        2-5/arc   1%          2
 Call Canine Familiar     Summ           27%        N/A       1%          3
 Confusing Touch          Hex            27%        N/A       1%          3
 Inner Flame              Hex/Fire       27%        N/A       1%          3
 Kindle Blastsparks       Fire/Tloc/Air  54%        2d14      1%          3
 Lesser Beckoning         Tloc           54%        N/A       1%          3
 Mephitic Cloud           Conj/Pois/Air  27%        N/A       1%          3
 Portal Projectile        Hex/Tloc       54%        N/A       1%          3
 Spider Form              Tmut/Pois      27%        N/A       1%          3
 Summon Guardian Golem    Hex/Summ       27%        N/A       1%          3
 Swiftness                Air            27%        N/A       1%          3
 Vampiric Draining        Necr           27%        2d7       1%          3
 Vhi's Electric Charge    Tloc/Air       54%        N/A       1%          3
 Anguish                  Hex/Necr       13%        N/A       1%          4
 Animate Armour           Summ/Erth      54%        N/A       1%          4
 Dispel Undead            Necr           27%        3d13      1%          4
 Fulminant Prism          Conj/Hex       13%        3d8       1%          4
 Iskenderun's Mystic Bla  Conj/Tloc      27%        2d7       1%          4
 Leda's Liquefaction      Hex/Erth       13%        N/A       1%          4
 Manifold Assault         Tloc           27%        N/A       1%          4
 Passage of Golubria      Tloc           27%        N/A       1%          4
 Summon Lightning Spire   Summ/Air       27%        N/A       1%          4
 Agony                    Necr           27%        N/A       4%          5
 Alistair's Intoxication  Tmut/Pois      18%        N/A       4%          5
 Arcjolt                  Conj/Air       13%        1d23      4%          5
 Metabolic Englaciation   Hex/Ice        13%        N/A       4%          5
 Silence                  Hex/Air        13%        N/A       4%          5
 Dispersal                Tloc           13%        N/A       26%         6
 Iron Shot                Conj/Erth      13%        9d3       26%         6
 Starburst                Conj/Fire      13%        6d6       26%         6
 Summon Cactus Giant      Summ           13%        N/A       26%         6
 Spellforged Servitor     Conj/Summ      13%        N/A       82%         7
 Storm Form               Tmut/Air       13%        N/A       82%         7
 Summon Hydra             Summ           13%        N/A       82%         7
 Discord                  Hex            13%        N/A       100%        8
 Chain Lightning          Conj/Air       13%        3d18      100%        9


Dungeon Overview and Level Annotations

Branches:
Dungeon (15/15)            Temple (1/1) D:7            Lair (5/5) D:9
 Shoals (1/4) Lair:2        Snake (4/4) Lair:3        Slime (0/5) Lair:4
    Orc (2/2) D:10            Elf (0/3) Orc:2        Vaults (0/5) D:14
 Depths (0/4) D:15          Sewer (visited)         Ossuary (visited)
Volcano (visited)

Altars:
Ashenzari
Cheibriados
Dithmenos
Elyvilon
Fedhas
Gozag
Hepliaklqana
Kikubaaqudgha
Makhleb
Nemelex Xobeh
Okawaru
Qazlal
Ru
Sif Muna
Trog
Uskayaw
Vehumet
Wu Jian
Xom
Yredelemnul
Zin
The Shining One
Jiyva
Lugonu

Shops:
D:7 *:   Orc:1 *   Orc:2 *(*!   Snake:2 ![

Portals:
Abyss: Lair:5


Innate Abilities, Weirdness & Mutations

You have very sharp teeth.
Your uncanny sense of smell can sniff out nearby items.
Your experience applies equally to all skills.


Message History

The flame wave engulfs the plant.
The plant is moderately damaged.
The plant is engulfed in a cloud of scalding steam.
A nearby plant withers and dies. x2
The plant is engulfed in a cloud of scalding steam.
A nearby plant withers and dies. x2
The plant is engulfed in a cloud of scalding steam. x2
A nearby plant withers and dies.
The wind drake is engulfed in a cloud of scalding steam.
You pick up Diulipni's Tractate on Windy Beckoning {god gift} and begin reading...
You add the spells Mephitic Cloud, Animate Armour, Summon Lightning Spire and Summon Hydra to your library.
A nearby plant withers and dies. x3
The wind drake is engulfed in a cloud of scalding steam.
The wind drake exhales a fierce blast of wind!
You are blown backwards!
Okay, then.
Unknown command.
A nearby plant withers and dies.
The wind drake is engulfed in a cloud of scalding steam.
The wind drake flaps its wings at you. The air twists around and strikes you!
* * * LOW HITPOINT WARNING * * *
Things that are here:
a +0 battleaxe of freezing; a frost giant corpse Blink to where?
Press: ? - help, Dir - move target
Found an escape hatch in the floor.
As you read the scroll of blinking, it crumbles to dust.
A nearby plant withers and dies.
As you read the scroll of teleportation, it crumbles to dust.
You feel strangely unstable.
The wind drake is engulfed in a cloud of scalding steam.
The wind drake flaps its wings at you. The air twists around and strikes you!
* * * LOW HITPOINT WARNING * * *
You feel better.
The wind drake is engulfed in a cloud of scalding steam.
The wind drake flaps its wings at you. The air twists around and strikes you!
You die...

..#~~C###...§~.~~~≈≈~~.~...~~~~~~
..#~~~~##)k..~≈....~≈≈~~..≈~~.#..
......(..~§~~~~~....≈≈≈~.~~~.##..
~~......§≈≈≈≈≈~~P...≈≈≈~.........
~~~~~~..≈≈≈≈≈≈~~.....~~~...~.~...
~~~~>~§.§≈≈≈≈~..............~~.##
~~~~~~~P≈≈≈≈≈~......##.......~.#
~~~~~~~~~≈≈≈P~.......##.###..~.#
≈≈≈~~~~~~.~.~~~.@.....### #..~.#
≈≈≈≈~~~~~~~!.~~.......# ...~.#
~~>.~~.###..#.. ...~... ~~~~~~.
.... .~~~~. ~~~~~~. .~. ≈~~~~~.
~~ ≈~~~~.. ~ ≈~~~...


You could see a wind drake (repels missiles).

Vanquished Creatures
  Jorgrun (Orc:1)
  4 nagarajas (Snake:4)
  2 frost giants
  Aizul (Snake:1)
  A fire dragon (Volcano)
  Erolcha (D:11)
  6 hydras
  4 salamander tyrants
  2 ogre magi
  A merfolk aquamancer (Shoals:1)
  Erica (Orc:1)
  10 two-headed ogres
  3 centaur warriors
  8 anacondas
  2 tengu warriors (D:15)
  14 naga warriors
  5 boulder beetles
  A death knight (D:13)
  2 thrashing horrors (Lair:5)
  4 shock serpents
  11 naga sharpshooters
  4 salamander mystics
  8 skeletal warriors
  A fire crab (Lair:4)
  A sea snake (Shoals:1)
  The ghost of Esekla the Covert, a novice OpDe of Gozag (D:8)
  3 naga ritualists
  9 slime creatures
  2 lindwurms
  A deep elf pyromancer (D:13)
  Pikel (D:5)
  2 orc knights
  2 mana vipers
  A manticore (D:14)
  A faun (Shoals:1)
  11 ugly things
  18 salamanders
  A wolf spider (D:8)
  8 cyclopes
  A salamander (shapeshifter) (D:15)
  3 elephants (Lair:5)
  24 black mambas
  A water nymph (Shoals:1)
  3 guardian serpents
  2 merfolk sirens (Lair:2)
  9 naga magi
  10 cane toads
  A gargoyle (D:12)
  5 smoke demons (Lair:5)
  A kobold demonologist (D:13)
  5 komodo dragons
  An unseen horror (D:11)
  2 ancient zymes (Lair:5)
  An efreet (D:15)
  A tengu conjurer (D:15)
  4 yaktaurs (D:15)
  4 trolls
  A polar bear (Lair:2)
  4 merfolk
  A wind drake (Shoals:1)
  3 hornets (Lair:3)
  3 meliai (D:15)
  9 blink frogs
  6 dream sheep (Lair:3)
  3 snapping turtles (Shoals:1)
  13 spriggans
  3 large abominations (Lair:5)
  A shadow (D:12)
  2 wraiths
  A ynoxinul (Lair:5)
  2 wyverns
  33 yaks
  A hog (shapeshifter) (Lair:5)
  3 fire bats (Volcano)
  9 basilisks
  3 water elementals (Shoals:1)
  9 vampire mosquitoes
  A chaos spawn (Lair:5)
  4 steam dragons
  49 nagas
  2 wargs
  17 water moccasins
  3 acid dragons
  3 hell hounds (Volcano)
  3 black bears
  2 ice beasts
  9 small abominations (Lair:5)
  39 orc warriors
  6 ogres
  28 centaurs
  3 boggarts (Lair:3)
  3 lemures (D:5)
  9 wolves
  A phantom (D:5)
  14 kobold brigands
  4 earth elementals
  6 bullfrogs
  A gnoll sergeant (D:9)
  2 necrophages
  10 scorpions
  13 wights (D:8)
  4 water moccasin zombies (Ossuary)
  7 killer bees (D:10)
  A vampire bat (D:7)
  2 howler monkeys
  4 lava snakes (Snake:3)
  17 orc priests
  A gnoll bouda (D:4)
  A jelly (D:4)
  3 hounds
  An iguana (D:6)
  35 orc wizards
  6 hell rats (Lair:1)
  2 mummies (Ossuary)
  12 gnolls
  8 adders
  A river rat (Sewer)
  6 adder zombies (Ossuary)
  A worm (Sewer)
  2 dart slugs
  81 orcs
  10 bats
  5 endoplasms
  9 giant cockroaches
  7 gnoll zombies (Ossuary)
  9 goblins
  12 hobgoblins
  11 jackals
  8 quokkas
  12 ball pythons
  3 frilled lizards
  6 hobgoblin zombies (Ossuary)
  24 kobolds
  4 kobold zombies (Ossuary)
  2 orc zombies (Ossuary)
  17 rats
913 creatures vanquished.

Vanquished Creatures (collateral kills)
  A dream sheep (Lair:3)
  A slime creature (D:15)
2 creatures vanquished.

Vanquished Creatures (others)
  A dancing weapon (D:14)
  2 nagas (Lair:3)
  32 foxfires
  52 fungi
  82 plants
169 creatures vanquished.

Grand Total: 1084 creatures vanquished

Notes
Turn   | Place    | Note
-------+----------+-------------------------------------------
     0 | D:1      | porpoise the Gnoll Wanderer began the quest for the Orb.
     0 | D:1      | porpoise set off with the following items: a +0 short
                  | sword, a +0 buckler, a scroll of fear, a +0 leather armour;
                  | and the following spells available to memorise: Kiss of
                  | Death, Shock, Call Imp, Frozen Ramparts.
     0 | D:1      | Reached XP level 1. HP: 20/20 MP: 8/8
   128 | D:1      | Reached XP level 2. HP: 26/26 MP: 10/10
   480 | D:1      | Reached XP level 3. HP: 29/31 MP: 11/11
   776 | D:1      | Reached skill level 1 in Invocations
  1242 | D:2      | Reached skill level 1 in Long Blades
  1242 | D:2      | Reached skill level 1 in Axes
  1242 | D:2      | Reached skill level 1 in Maces & Flails
  1242 | D:2      | Reached skill level 1 in Polearms
  1242 | D:2      | Reached skill level 1 in Staves
  1242 | D:2      | Reached skill level 1 in Ranged Weapons
  1242 | D:2      | Reached skill level 1 in Throwing
  1242 | D:2      | Reached skill level 1 in Dodging
  1242 | D:2      | Reached skill level 1 in Stealth
  1242 | D:2      | Reached skill level 1 in Unarmed Combat
  1242 | D:2      | Reached skill level 1 in Evocations
  1833 | D:3      | Reached XP level 4. HP: 30/38 MP: 13/13
  1942 | D:3      | Reached skill level 1 in Conjurations
  1942 | D:3      | Reached skill level 1 in Hexes
  1942 | D:3      | Reached skill level 1 in Summonings
  1942 | D:3      | Reached skill level 1 in Necromancy
  1942 | D:3      | Reached skill level 1 in Translocations
  1942 | D:3      | Reached skill level 1 in Transmutations
  1942 | D:3      | Reached skill level 1 in Fire Magic
  1942 | D:3      | Reached skill level 1 in Ice Magic
  1942 | D:3      | Reached skill level 1 in Air Magic
  1942 | D:3      | Reached skill level 1 in Earth Magic
  1942 | D:3      | Reached skill level 1 in Poison Magic
  2289 | D:3      | Reached XP level 5. HP: 32/43 MP: 14/14
  3029 | D:4      | Noticed an ogre
  3036 | D:4      | Killed an ogre
  3037 | D:4      | Reached skill level 5 in Fighting
  3037 | D:4      | Reached skill level 5 in Short Blades
  3037 | D:4      | Reached skill level 2 in Long Blades
  3037 | D:4      | Reached XP level 6. HP: 44/51 MP: 16/16
  3344 | D:4      | Found a sand-covered staircase.
  3349 | Ossuary  | Entered an ossuary
  3395 | Ossuary  | Reached XP level 7. HP: 51/56 MP: 18/18
  4792 | D:5      | Entered Level 5 of the Dungeon
  4830 | D:4      | Reached skill level 3 in Long Blades
  4830 | D:4      | Reached XP level 8. HP: 18/63 MP: 19/19
  5259 | D:5      | Found a glowing drain.
  5286 | Sewer    | Entered a sewer
  5877 | D:5      | Reached XP level 9. HP: 69/69 MP: 21/21
  5905 | D:5      | Reached skill level 4 in Long Blades
  6026 | D:5      | Found a bloodstained altar of Trog.
  6167 | D:5      | Found a shimmering blue altar of Sif Muna.
  6179 | D:5      | Got Sif Muna's Almanac of Sparks and Misfortune
  6184 | D:5      | Learned a level 1 spell: Foxfire
  6298 | D:5      | Reached skill level 5 in Armour
  6298 | D:5      | Reached skill level 5 in Shields
  7249 | D:6      | Noticed Pikel
  7326 | D:5      | Killed Pikel
  7327 | D:5      | Reached skill level 5 in Long Blades
  7327 | D:5      | Reached skill level 5 in Invocations
  7690 | D:7      | Found Maocitu's Book Shop.
  7758 | D:6      | Reached skill level 5 in Axes
  7758 | D:6      | Reached skill level 5 in Maces & Flails
  7758 | D:6      | Reached skill level 5 in Polearms
  7758 | D:6      | Reached skill level 5 in Staves
  7758 | D:6      | Reached skill level 5 in Ranged Weapons
  7758 | D:6      | Reached skill level 5 in Throwing
  7758 | D:6      | Reached skill level 5 in Dodging
  7758 | D:6      | Reached skill level 5 in Stealth
  7758 | D:6      | Reached skill level 5 in Unarmed Combat
  7758 | D:6      | Reached skill level 5 in Evocations
  7758 | D:6      | Reached XP level 10. HP: 75/77 MP: 22/22
  7808 | D:7      | Reached skill level 6 in Long Blades
  7823 | D:7      | Learned a level 2 spell: Call Imp
  7826 | D:7      | Learned a level 2 spell: Ensorcelled Hibernation
  7879 | D:7      | Found Ojuytain's Lightly-Used Armoury.
  7907 | D:7      | Bought a -2 demon whip for 60 gold pieces
  7932 | D:7      | Found a staircase to the Ecumenical Temple.
  7945 | Temple   | Entered the Ecumenical Temple
  8215 | D:5      | Became a worshipper of Sif Muna the Loreminder
  8442 | D:7      | Learned a level 3 spell: Frozen Ramparts
  8816 | D:8      | Found a runed translucent gate.
  8817 | D:8      | Found a runed translucent gate.
  8818 | D:8      | Found a runed translucent gate.
  8820 | D:8      | Noticed Esekla's ghost (novice OpDe)
  8841 | D:8      | Noticed a wolf spider
  8848 | D:8      | Killed a wolf spider
  9359 | D:8      | Found a basalt altar of Yredelemnul.
  9362 | D:8      | Found a shimmering altar of Xom.
  9367 | D:8      | Found a sacrificial altar of Ru.
  9507 | D:8      | Reached skill level 7 in Long Blades
  9750 | D:9      | Reached skill level 5 in Conjurations
  9750 | D:9      | Reached skill level 5 in Hexes
  9750 | D:9      | Reached skill level 5 in Summonings
  9750 | D:9      | Reached skill level 5 in Necromancy
  9750 | D:9      | Reached skill level 5 in Translocations
  9750 | D:9      | Reached skill level 5 in Transmutations
  9750 | D:9      | Reached skill level 5 in Fire Magic
  9750 | D:9      | Reached skill level 5 in Ice Magic
  9750 | D:9      | Reached skill level 5 in Air Magic
  9750 | D:9      | Reached skill level 5 in Earth Magic
  9750 | D:9      | Reached skill level 5 in Poison Magic
  9750 | D:9      | Reached XP level 11. HP: 46/85 MP: 17/24
  9870 | D:9      | Reached * piety under Sif Muna
  9908 | D:9      | Found a staircase to the Lair.
 10361 | D:9      | Reached skill level 8 in Long Blades
 10827 | D:10     | Entered Level 10 of the Dungeon
 11003 | D:10     | Found a staircase to the Orcish Mines.
 11128 | D:10     | Found an ornate altar of the Wu Jian Council.
 11491 | D:10     | Reached ** piety under Sif Muna
 12040 | Lair:1   | Entered Level 1 of the Lair of Beasts
 12939 | Lair:2   | Reached *** piety under Sif Muna
 13408 | Lair:2   | Reached skill level 10 in Spellcasting
 13895 | Lair:2   | Noticed a five-headed hydra
 13906 | Lair:2   | Killed a five-headed hydra
 13907 | Lair:2   | Reached skill level 9 in Long Blades
 14259 | Lair:2   | Identified the +3 scimitar of Valiance {freeze, Int+4}
 14453 | Lair:2   | Found a staircase to the Shoals.
 14466 | Lair:2   | Reached XP level 12. HP: 65/94 MP: 15/26
 14938 | Lair:3   | Identified the +1 scale mail of the Barnacle {Str+4 Dex+2}
 15191 | Lair:3   | Found a staircase to the Snake Pit.
 15416 | Lair:3   | Reached skill level 10 in Long Blades
 15689 | Lair:3   | Reached **** piety under Sif Muna
 16378 | Lair:3   | You fall into a shaft and drop 1 floor!
 16819 | Lair:3   | Reached XP level 13. HP: 86/101 MP: 22/27
 17428 | Lair:3   | Upgraded the game from 0.30-a0-585-g93115170b9 to
                  | 0.30-a0-586-g23e55c9e0a
 17491 | Lair:4   | Learned a level 4 spell: Airstrike
 17496 | Lair:4   | Learned a level 4 spell: Olgreb's Toxic Radiance
 17507 | Lair:4   | Reached skill level 11 in Long Blades
 17528 | Lair:4   | Found a viscous altar of Jiyva.
 17528 | Lair:4   | Found a staircase to the Slime Pits.
 18305 | Lair:5   | Entered Level 5 of the Lair of Beasts
 18417 | Lair:5   | Found a dark tunnel.
 18528 | Volcano  | Entered a volcano
 18641 | Volcano  | Noticed a fire dragon
 18661 | Volcano  | Killed a fire dragon
 19031 | Lair:5   | Reached ***** piety under Sif Muna
 19400 | Lair:5   | Identified the +9 scimitar of Action {flame, rC+++ MP+9
                  | Str-5 Dex+4}
 20028 | Lair:5   | Reached skill level 10 in Fighting
 20028 | Lair:5   | Reached skill level 10 in Short Blades
 20742 | Lair:5   | Received a gift from Sif Muna
 20743 | Lair:5   | Got Sif Muna's Writings on Blasting {god gift}
 21102 | Lair:5   | Reached skill level 12 in Long Blades
 21261 | Lair:5   | Reached skill level 10 in Invocations
 21261 | Lair:5   | Reached XP level 14. HP: 100/110 MP: 29/29
 21305 | Lair:5   | Found a corrupted altar of Lugonu.
 21305 | Lair:5   | Found a one-way gate to the infinite horrors of the Abyss.
 21787 | D:7      | Bought a book of Spatial Translocations for 280 gold pieces
 21790 | D:7      | Learned a level 2 spell: Blink
 21793 | D:7      | Learned a level 2 spell: Momentum Strike
 21929 | D:8      | Killed Esekla's ghost
 22918 | D:11     | Noticed Erolcha
 22927 | D:11     | Killed Erolcha
 23055 | D:11     | Learned a level 5 spell: Freezing Cloud
 24101 | D:12     | Received a gift from Sif Muna
 24104 | D:12     | Got Ximuany's Anthology of the Azure Missiles {god gift}
 24110 | D:12     | Learned a level 4 spell: Summon Ice Beast
 25170 | D:13     | Reached skill level 10 in Armour
 25170 | D:13     | Reached skill level 10 in Shields
 25899 | D:13     | Reached skill level 13 in Long Blades
 26597 | D:14     | Learned a level 3 spell: Tukima's Dance
 26623 | D:14     | Identified the +1 scale mail "Jotutest" {-Cast rF++ rC++}
 26956 | D:14     | Learned a level 5 spell: Yara's Violent Unravelling
 27050 | D:14     | Reached skill level 10 in Axes
 27050 | D:14     | Reached skill level 10 in Maces & Flails
 27050 | D:14     | Reached skill level 10 in Polearms
 27050 | D:14     | Reached skill level 10 in Staves
 27050 | D:14     | Reached skill level 10 in Ranged Weapons
 27050 | D:14     | Reached skill level 10 in Throwing
 27050 | D:14     | Reached skill level 10 in Dodging
 27050 | D:14     | Reached skill level 10 in Stealth
 27050 | D:14     | Reached skill level 10 in Unarmed Combat
 27050 | D:14     | Reached skill level 10 in Evocations
 27150 | D:14     | Found a gate to the Vaults.
 27322 | D:14     | Found a shimmering blue altar of Sif Muna.
 27511 | D:14     | Reached XP level 15. HP: 120/120 MP: 31/31
 27604 | D:15     | Entered Level 15 of the Dungeon
 27921 | D:15     | Received a gift from Sif Muna
 27922 | D:15     | Got Sif Muna's Folio of Fascination and Movement {god gift}
 29078 | D:15     | Reached skill level 14 in Long Blades
 29277 | D:15     | Found a staircase to the Depths.
 29277 | D:15     | Noticed a frost giant
 29285 | D:15     | Killed a frost giant
 29781 | Lair:1   | Learned a level 4 spell: Flame Wave
 29850 | Orc:1    | Entered Level 1 of the Orcish Mines
 30167 | Orc:1    | Found Alle's General Store.
 30297 | Orc:1    | Noticed Jorgrun
 30318 | Orc:1    | HP: 2/122 [Jorgrun/iron shot (48)]
 30324 | Orc:1    | Killed Jorgrun
 30666 | Orc:1    | Noticed Erica
 30679 | Orc:1    | Killed Erica
 30827 | Orc:2    | Entered Level 2 of the Orcish Mines
 30850 | Orc:2    | Received a gift from Sif Muna
 30879 | Orc:2    | Got Huczum's Dissertation on the Voltaic Sphinx {god gift}
 32493 | Orc:2    | Found a staircase to the Elven Halls.
 32663 | Orc:2    | Found Xiucegug's Antique Weapon Boutique.
 32663 | Orc:2    | Found Tapefias's General Store.
 32665 | Orc:2    | Found Bolig's Distillery.
 32667 | Orc:2    | Found Buliatt's General Store.
 32672 | Orc:2    | Bought a potion of heal wounds for 75 gold pieces
 32674 | Orc:2    | Bought a potion of heal wounds for 75 gold pieces
 32674 | Orc:2    | Bought a potion of heal wounds for 75 gold pieces
 33100 | Snake:1  | Entered Level 1 of the Snake Pit
 33169 | Snake:1  | Identified the +7 chain mail of Kuonk {Dex+7}
 33971 | Snake:1  | Noticed Aizul
 34000 | Snake:1  | Killed Aizul
 34295 | Snake:1  | Reached XP level 16. HP: 38/130 MP: 32/32
 34554 | Snake:1  | Received a gift from Sif Muna
 34555 | Snake:1  | Got Sif Muna's Teachings on Astrapomancy {god gift}
 34680 | Snake:1  | Identified the +3 leather armour of the Comet {rPois rF+
                  | rC+ Int-4}
 36821 | Snake:2  | Reached skill level 15 in Long Blades
 37783 | Snake:2  | Found Jotom's Antique Armour Shop.
 37921 | Snake:2  | Found Ymeumaefai's Distillery.
 37932 | Snake:2  | Bought a potion of heal wounds for 65 gold pieces
 37932 | Snake:2  | Bought a potion of curing for 39 gold pieces
 37932 | Snake:2  | Bought a potion of curing for 39 gold pieces
 37932 | Snake:2  | Bought a potion of haste for 130 gold pieces
 39976 | Snake:3  | Received a gift from Sif Muna
 39989 | Snake:3  | Got Sif Muna's Catalogue of the Vexatious Inferno {god
                  | gift}
 39994 | Snake:3  | Learned a level 3 spell: Ignite Poison
 40702 | Snake:4  | Entered Level 4 of the Snake Pit
 41411 | Snake:4  | Identified a scroll of acquirement
 41752 | Snake:4  | Reached XP level 17. HP: 109/138 MP: 13/34
 42070 | Snake:4  | Reached skill level 10 in Conjurations
 42070 | Snake:4  | Reached skill level 10 in Hexes
 42070 | Snake:4  | Reached skill level 10 in Summonings
 42070 | Snake:4  | Reached skill level 10 in Necromancy
 42070 | Snake:4  | Reached skill level 10 in Translocations
 42070 | Snake:4  | Reached skill level 10 in Transmutations
 42070 | Snake:4  | Reached skill level 10 in Fire Magic
 42070 | Snake:4  | Reached skill level 10 in Ice Magic
 42070 | Snake:4  | Reached skill level 10 in Air Magic
 42070 | Snake:4  | Reached skill level 10 in Earth Magic
 42070 | Snake:4  | Reached skill level 10 in Poison Magic
 42402 | Snake:4  | Reached skill level 16 in Long Blades
 42854 | Snake:4  | Got a serpentine rune of Zot
 42929 | Snake:4  | Acquired a book of Scorching
 43191 | Shoals:1 | Entered Level 1 of the Shoals
 44227 | Shoals:1 | HP: 6/140 [frost giant/bolt of cold (8)]
 44237 | Shoals:1 | Received a gift from Sif Muna
 44238 | Shoals:1 | Got Diulipni's Tractate on Windy Beckoning {god gift}
 44241 | Shoals:1 | HP: 1/140 [wind drake/the air (12)]
 44242 | Shoals:1 | Killed from afar by a wind drake

Illustrated notes

Levels and vault maps discovered:
D:1:      ncdulo_lavacross, layout_basic, corexii_item_surrounded_by_moat,
          minmay_misc_feat_chi, bh_walls_and_bars
D:2:      layout_basic, serial_bayou, serial_bayou_shore_a,
          serial_bayou_shore_b, serial_bayou_pond_e, serial_bayou_lake_a
D:3:      layout_rooms
D:4:      layout_basic, enter_ossuary_5, minmay_goblin_outpost
D:5:      layout_basic, nzn_overflow_gifts_of_might_and_magic,
          portal_sewer_entry_f, grunt_ministairs_4
D:6:      layout_gridville, dk_noncrumbling_2, minivault_4,
          nicolae_kite_square_tiling_tiny, uniq_pikel
D:7:      layout_rooms, minmay_temple_entry_overgrown, serial_shops,
          nicolae_shop_trees, minmay_shop_damaged, nrook_campfire,
          corexii_hall_statues_x, st_stairs_8, roderic_batcave
D:8:      layout_loops_cross, grunt_temple_overflow_diamond,
          gammafunk_ghost_nasty_kobolds, kennysheep_crisscross,
          kennysheep_just_a_vault
D:9:      layout_basic, due_lair_maze_entry_diamond
D:10:     layout_loops_ring, pdpol_wu_jian_five_deadly_venoms,
          minmay_orc_entry_temple_large
D:11:     layout_basic, serial_glass, glass_columns_a, glass_columns_b,
          uniq_erolcha
D:12:     layout_cave_pools
D:13:     minmay_stone_box, layout_cave_pods
D:14:     layout_small_grid, david_vaults_2, led_sif_pool,
          amcnicky_mini_pool_small
D:15:     grunt_enter_depths_snipers, layout_stronghold,
          hellmonk_bongcloud_opening
Temple:   eino_temple_scatter_basement
Lair:1:   layout_misc_corridors, infiniplex_staircase_pool_2
Lair:2:   layout_small_grid, elwin_shoals_entry_stream, grunt_megastairs_2
Lair:3:   kb_forest_paths, layout_long_grid, guppyfry_snake_entry_island,
          grunt_forest_stairs_clearing
Lair:4:   layout_gridlike, dpeg_slime_entry_enclosed
Lair:5:   hellmonk_lair_end_abyssal_woods, layout_regular_city,
          nicolae_volcano_entry_lava_flow, infiniplex_staircase_pool,
          grunt_megastairs_3
Shoals:1: layout_shoals, serial_shops, nicolae_shop_behind_doors, st_cyclops
Snake:1:  layout_layer_cave, uniq_aizul
Snake:2:  layout_onion, st_stairs_7, nicolae_snake_round_shape_thing,
          minmay_shoptagon, serial_bayou_shore_b
Snake:3:  layout_basic, drop_trap
Snake:4:  minmay_snake_end_coiled, layout_rooms, grunt_megastairs_4
Orc:1:    layout_diamond_mine, serial_shops, nicolae_shop_hallway_plus,
          uniq_jorgrun, uniq_erica
Orc:2:    st_orc_rangers, layout_caves

Skill      XL: |  1  2  3  4  5  6  7  8  9 10 11 12 13 14 15 16 17 |
---------------+----------------------------------------------------+-----
Invocations    | 1 2 3 4 5 6 7 8 10 11 12 13 | 13.1
Long Blades    | 1 2 3 5 7 9 10 12 13 14 15 16 | 16.2
Axes           | 1 2 3 5 6 7 8 9 10 11 12 | 12.0
Maces & Flails | 1 2 3 5 6 7 8 9 10 11 12 | 12.0
Polearms       | 1 2 3 5 6 7 8 9 10 11 12 | 12.0
Staves         | 1 2 3 5 6 7 8 9 10 11 12 | 12.0
Ranged Weapons | 1 2 3 5 6 7 8 9 10 11 12 | 12.0
Throwing       | 1 2 3 5 6 7 8 9 10 11 12 | 12.0
Dodging        | 1 2 3 5 6 7 8 9 10 11 12 | 12.0
Stealth        | 1 2 3 5 6 7 8 9 10 11 12 | 12.0
Unarmed Combat | 1 2 3 5 6 7 8 9 10 11 12 | 12.0
Evocations     | 1 2 3 5 6 7 8 9 10 11 12 | 12.0
Conjurations   | 1 2 3 4 5 6 7 8 9 10 | 10.2
Hexes          | 1 2 3 4 5 6 7 8 9 10 | 10.2
Summonings     | 1 2 3 4 5 6 7 8 9 10 | 10.2
Necromancy     | 1 2 3 4 5 6 7 8 9 10 | 10.2
Translocations | 1 2 3 4 5 6 7 8 9 10 | 10.2
Transmutations | 1 2 3 4 5 6 7 8 9 10 | 10.2
Fire Magic     | 1 2 3 4 5 6 7 8 9 10 | 10.2
Ice Magic      | 1 2 3 4 5 6 7 8 9 10 | 10.2
Air Magic      | 1 2 3 4 5 6 7 8 9 10 | 10.2
Earth Magic    | 1 2 3 4 5 6 7 8 9 10 | 10.2
Poison Magic   | 1 2 3 4 5 6 7 8 9 10 | 10.2
Armour         | 3 4 5 6 7 8 9 10 11 12 | 12.3
Shields        | 3 4 5 6 7 8 9 10 11 12 | 12.3
Fighting       | 5 6 7 8 9 10 11 13 14 | 14.9
Short Blades   | 5 6 7 8 9 10 11 12 | 12.8
Spellcasting   | 8 9 10 11 12 13 | 13.9

Action                   |  1- 3 |  4- 6 |  7- 9 | 10-12 | 13-15 | 16-18 || total
-------------------------+-------+-------+-------+-------+-------+-------++-------
Melee: Short sword       |   185 |   178 |   478 |     6 |       |       ||   847
       Bite              |    18 |    19 |    64 |    83 |   107 |    44 ||   335
       Trident           |       |       |     4 |   110 |       |       ||   114
       Demon whip        |       |       |       |   571 |   100 |       ||   671
       Scimitar          |       |       |       |       |   560 |   260 ||   820
       Punch             |       |       |       |       |    41 |    24 ||    65
 Fire: Arbalest          |       |       |       |       |   435 |   344 ||   779
Throw: Dart              |       |     8 |    67 |   100 |    27 |       ||   202
       Boomerang         |       |     1 |     5 |    19 |       |       ||    25
 Cast: Foxfire           |       |       |     3 |     3 |    13 |       ||    19
       Frozen Ramparts   |       |       |       |     9 |     5 |     2 ||    16
       Ensorcelled Hiber |       |       |       |     4 |       |       ||     4
       Call Imp          |       |       |       |     3 |     1 |       ||     4
       Tukima's Dance    |       |       |       |       |    17 |       ||    17
       Freezing Cloud    |       |       |       |       |    19 |    44 ||    63
       Olgreb's Toxic Ra |       |       |       |       |     9 |     3 ||    12
       Summon Ice Beast  |       |       |       |       |    11 |       ||    11
       Airstrike         |       |       |       |       |     8 |       ||     8
       Blink             |       |       |       |       |     2 |     3 ||     5
       Momentum Strike   |       |       |       |       |     3 |       ||     3
       Flame Wave        |       |       |       |       |     4 |     4 ||     8
Invok: Forget Spell      |       |       |       |       |     1 |       ||     1
Evoke: Wand              |       |       |       |     7 |     2 |     2 ||    11
       Tin of tremorston |       |       |       |       |     1 |       ||     1
  Use: Scroll            |       |    11 |     9 |    16 |     8 |     7 ||    51
       Potion            |       |       |     2 |     6 |    15 |     6 ||    29
 Stab: Sleeping          |     2 |       |     2 |    13 |     6 |       ||    23
       Distracted        |       |       |     1 |     1 |       |       ||     2
Armor: Leather armour    |    34 |       |       |       |       |   127 ||   161
       Ring mail         |     6 |    34 |   133 |       |       |       ||   173
       Steam dragon scal |       |       |       |   202 |   293 |     4 ||   499
       Scale mail        |       |       |       |       |    87 |       ||    87
Dodge: Dodged            |    81 |    65 |   196 |   277 |   669 |   306 ||  1594
Block: Buckler           |    20 |    33 |   121 |   370 |    45 |       ||   589
       Reflection        |       |       |       |     4 |     5 |       ||     9
       Other             |       |       |       |       |    78 |       ||    78

Table legend: (Time is in decaauts)
 A = Elapsed time spent in this place.
 B = Non-inter-level travel time spent in this place.
 C = Inter-level travel time spent in this place.
 D = Time resting spent in this place.
 E = Time spent auto-exploring this place.
 F = Levels seen in this place.
 G = Mean time per level.
                   A        B        C        D        E       F      G
               +--------+--------+--------+--------+--------+-----+--------+
         Total |  44089 |  41646 |   2443 |  16424 |  17332 |  31 | 1422.2 |
       Dungeon |  19050 |  17709 |   1341 |   5377 |   8827 |  15 | 1270.0 |
        Temple |    188 |    170 |     18 |      0 |    156 |   1 |  188.0 |
          Lair |  10121 |   9473 |    648 |   4113 |   3460 |   5 | 2024.2 |
        Shoals |   1046 |   1046 |      0 |    495 |    411 |   1 | 1046.0 |
     Snake Pit |   9391 |   9022 |    369 |   4414 |   3318 |   4 | 2347.8 |
  Orcish Mines |   3130 |   3066 |     64 |   1759 |    913 |   2 | 1565.0 |
         Sewer |    497 |    497 |      0 |     54 |    199 |   1 |  497.0 |
       Ossuary |    268 |    268 |      0 |      0 |     38 |   1 |  268.0 |
       Volcano |    394 |    394 |      0 |    211 |      9 |   1 |  394.0 |
               +--------+--------+--------+--------+--------+-----+--------+

Top non-repeatable levels by time:
 Snake:1: 2748 daAuts
 Snake:3: 2586 daAuts
  Lair:5: 2556 daAuts
  Lair:3: 2520 daAuts
 Snake:2: 2048 daAuts
 Snake:4: 2008 daAuts
    D:15: 1926 daAuts
  Lair:1: 1821 daAuts
   Orc:2: 1793 daAuts
  Lair:2: 1746 daAuts
    D:13: 1739 daAuts
     D:4: 1654 daAuts
     D:8: 1638 daAuts
  Lair:4: 1476 daAuts
    D:10: 1367 daAuts
